 Dungeon Crawl Stone Soup version 0.27-a0-1273-gec92ba881d (webtiles) character file.

Game seed: 17676419379495352311

13 ZappyNine the Skirmisher (level 2, -1/27 HPs)
             Began as a Hill Orc Fighter on June 11, 2021.
             Slain by a goblin
             ... wielding a +2 dagger of electrocution
              (9 damage)
             ... on level 1 of the Dungeon.
             The game lasted 00:00:18 (354 turns).

ZappyNine the Skirmisher (Hill Orc Fighter)          Turns: 354, Time: 00:00:18

Health: -1/27      AC:  6    Str: 18    XL:     2   Next: 37%
Magic:  2/2        EV:  7    Int:  8    God:
Gold:   64         SH:  9    Dex: 10    Spells: 1/1 levels left

rFire    . . .     SeeInvis .   a - +0 flail
rCold    . . .     Faith    .   c - +0 kite shield
rNeg     . . .     Spirit   .   b - +0 scale mail
rPois    .         Reflect  .   (no helmet)
rElec    .         Harm     .   (no cloak)
rCorr    .         Rampage  .   (no gloves)
Will     .....                  (no boots)
Stlth    ..........             (no amulet)
HPRegen  0.09/turn              (no ring)
MPRegen  0.08/turn              (no ring)

@: no status effects
A: no striking features
a: no special abilities


You were on level 1 of the Dungeon.
You visited 1 branch of the dungeon, and saw 1 of its levels.

You collected 64 gold pieces.

Inventory:

Hand Weapons
 a - a +0 flail (weapon)
Armour
 b - a +0 scale mail (worn)
 c - a +0 kite shield (worn)
Scrolls
 e - a scroll of identify {unknown}
Potions
 d - a potion of might
 f - a potion of curing {unknown}


   Skills:
 + Level 3.8 Fighting
 + Level 2.5 Maces & Flails
 + Level 3.5 Armour
 + Level 3.5 Shields


You had one spell level left.
You didn't know any spells.
Your spell library was empty.

Dungeon Overview and Level Annotations

Branches:
Dungeon (1/15)

Altars:


Message History

The endoplasm quivers.
The goblin shouts!
You sock the ball python!
You kill the ball python!
The endoplasm jiggles.
You hit the endoplasm.
The endoplasm is moderately wounded.
You block the goblin's attack.
The endoplasm hits you but does no damage.
You barely miss the endoplasm.
The endoplasm is moderately wounded.
The goblin hits you but does no damage. The endoplasm freezes you.
You are frozen.
You block the goblin's attack. The endoplasm completely misses you.
You hit the endoplasm.
The endoplasm is heavily wounded.
The goblin hits you but does no damage.
You are electrocuted!
The endoplasm hits you but does no damage.
You are too injured to fight recklessly!
You are too injured to fight recklessly!
You are too injured to fight recklessly!
You are too injured to fight recklessly!
You are too injured to fight recklessly!
You are too injured to fight recklessly!
You are too injured to fight recklessly!
You are too injured to fight recklessly!
You are too injured to fight recklessly!
You are too injured to fight recklessly!
You are too injured to fight recklessly!
You are too injured to fight recklessly!
There are monsters nearby!
Unknown command.
You hit the endoplasm.
You kill the endoplasm!
The goblin closely misses you.
The goblin hits you with a +2 dagger of electrocution.
* * * LOW HITPOINT WARNING * * *
You are electrocuted!
You die...

..#......#..[........#
#......#...........#
#..###.#...........#
##. #.#...........# .
#.#...........# .
#.#...........#
#.########.####
##.......# .......@.#
.......g.# .........#
.........# ....(....#
.......... ..########
##


You could see a goblin.

Vanquished Creatures
  2 endoplasms (D:1)
  A hobgoblin (D:1)
  3 jackals (D:1)
  A kobold (D:1)
  A quokka (D:1)
  3 ball pythons (D:1)
  A goblin (D:1)
12 creatures vanquished.

Notes
Turn   | Place    | Note
-------+----------+-------------------------------------------
     0 | D:1      | ZappyNine the Hill Orc Fighter began the quest for the Orb.
     0 | D:1      | Reached XP level 1. HP: 19/19 MP: 1/1
   203 | D:1      | Reached XP level 2. HP: 27/27 MP: 2/2
   354 | D:1      | Slain by a goblin

Illustrated notes

Levels and vault maps discovered:
D:1:      minmay_arrival_four_loops, layout_basic, serial_rivers,
          chequers_serial_rivers_large_a, chequers_serial_rivers_micro_e,
          chequers_serial_rivers_room_b, chequers_serial_rivers_room_a,
          minmay_misc_feat_alley

Action                   || total
-------------------------++-------
Melee: Flail             ||    30
Armor: Scale mail        ||    19
Dodge: Dodged            ||    13
Block: Kite shield       ||    23

Table legend: (Time is in decaauts)
 A = Elapsed time spent in this place.
 B = Non-inter-level travel time spent in this place.
 C = Inter-level travel time spent in this place.
 D = Time resting spent in this place.
 E = Time spent auto-exploring this place.
 F = Levels seen in this place.
 G = Mean time per level.
                   A        B        C        D        E       F      G
               +--------+--------+--------+--------+--------+-----+--------+
         Total |    368 |    368 |      0 |      0 |    294 |   1 |  368.0 |
       Dungeon |    368 |    368 |      0 |      0 |    294 |   1 |  368.0 |
               +--------+--------+--------+--------+--------+-----+--------+

Top non-repeatable levels by time:
     D:1: 368 daAuts
